Map: Acropolis LE

Players

Smeeeger - Winner!

  • Race: Zerg Zerg
  • League: Platinum
  • Spawn Location: 5:00

EXTRA

  • Race: Zerg Zerg
  • League: Platinum
  • Spawn Location: 11:00

VOD

Have the link to the VOD?

Description

Time

  • Played on: July 12, 2019, 6:40 p.m.
  • Length: 10:22
Show
View Real Time Build Order
Export as new Build Order

Smeeeger Zerg - Winner!

Build Orders: Hatch First 

Get SALT Encoding   

  12  0:01  Drone  
  13  0:16  Overlord  
  13  0:17  Drone  
  14  0:34  Drone x2  
  16  0:38  Drone  
  17  0:50  Drone  
  18  0:59  Hatchery  
  17  1:09  Spawning Pool  
  16  1:12  Drone  
  16  1:16  Drone  
  18  1:20  Drone  
  19  1:26  Extractor  
  19  1:32  Drone  
  19  1:44  Overlord  
  19  1:56  Queen  
  19  1:57  Zergling x2  
  22  2:06  Zergling x2  
  23  2:10  Queen  
  23  2:15  Drone x2  
  27  2:24  Drone  
  28  2:32  Drone  
  29  2:38  Drone  
  29  2:39  Overlord  
  29  2:40  Metabolic Boost  
  29  2:44  Drone  
  31  2:46  Queen  
  33  3:03  Drone x2  
  33  3:05  Overlord  
  35  3:14  Drone x2  
  37  3:21  Drone  
  37  3:26  Drone  
  39  3:29  Drone x3  
  39  3:30  Overlord  
  39  3:31  Hatchery  
  41  3:41  Drone  
  41  3:42  Drone x2, Roach Warren  
  41  3:44  Evolution Chamber  
  42  3:50  Zergling x2  
  43  4:01  Drone x2, Extractor  
  43  4:02  Extractor  
  43  4:07  Drone x2  
  43  4:09  Evolution Chamber  
  44  4:10  Spore Crawler  
  44  4:11  Spore Crawler  
  44  4:16  Overlord  
  42  4:18  Zergling x6  
  42  4:24  Drone  
  46  4:31  Lair  
  46  4:32  Drone x2  
  48  4:40  Drone x4  
  52  4:51  Drone x3  
  55  4:53  Queen  
  55  4:56  Drone  
  55  4:57  Drone  
  58  5:07  Zerg Missile Weapons Level 1  
  58  5:11  Drone x3  
  58  5:12  Drone  
  62  5:14  Roach  
  62  5:16  Roach  
  66  5:27  Drone x2  
  66  5:28  Roach x2  
  72  5:44  Overlord x3  
  72  5:49  Drone  
  73  5:59  Overlord  
  73  6:00  Overlord x2  
  73  6:01  Overseer, Pneumatized Carapace  
  73  6:05  Roach, Drone x2  
  73  6:06  Roach x5  
  87  6:15  Hatchery  
  87  6:17  Zergling x14  
  93  6:32  Spore Crawler  
  92  6:33  Zerg Ground Armor Level 1  
  92  6:34  Spore Crawler  
  92  6:38  Spore Crawler  
  92  6:39  Drone x2  
  93  6:40  Drone  
  93  6:41  Roach x5  
  103  6:47  Drone  
  103  6:50  Extractor  
  103  6:51  Drone, Extractor  
  103  7:01  Ravager  
  103  7:02  Ravager  
  103  7:05  Drone x3  
  103  7:06  Drone x2  
  110  7:09  Drone  
  111  7:19  Roach  
  113  7:23  Hydralisk Den  
  113  7:25  Hatchery, Extractor  
  110  8:00  Roach x7  
  123  8:26  Overlord x3  
  123  8:34  Hydralisk x2  
  123  8:38  Muscular Augments  
  120  8:50  Roach x19  
  120  8:51  Roach  
  120  8:55  Roach  
  148  9:00  Hydralisk x2  
  152  9:04  Ravager x2  
  152  9:05  Ravager  
  152  9:08  Overlord x3  
  146  9:22  Hydralisk x5  
  151  9:28  Drone  
  151  9:29  Drone x4  
  143  9:43  Drone  
  143  9:44  Drone x5  
  149  9:52  Zergling x2  
  150  9:53  Zergling x16  
  158  10:08  Infestation Pit  
Show
View Real Time Build Order
Export as new Build Order

EXTRA Zerg 

Build Orders: Hatch First 

Get SALT Encoding   

  12  0:01  Drone  
  13  0:08  Drone  
  14  0:16  Overlord  
  14  0:35  Drone x3  
  17  0:53  Hatchery  
  16  1:00  Drone x2  
  18  1:12  Spawning Pool  
  17  1:19  Overlord  
  17  1:23  Drone  
  18  1:26  Extractor  
  18  1:30  Drone  
  18  1:40  Drone  
  19  1:51  Drone  
  20  2:06  Queen  
  22  2:13  Drone x3  
  22  2:14  Queen  
  27  2:20  Spine Crawler  
  27  2:22  Zergling x2  
  27  2:24  Zergling x2  
  27  2:28  Metabolic Boost  
  28  2:33  Drone  
  29  2:39  Spine Crawler  
  29  2:42  Zergling x4  
  30  3:04  Drone x4  
  34  3:16  Evolution Chamber  
  34  3:19  Evolution Chamber  
  32  3:22  Overlord x3  
  32  3:23  Overlord  
  32  3:42  Drone x6  
  38  3:59  Drone x4  
  42  4:09  Drone x4  
  46  4:13  Extractor  
  46  4:16  Extractor  
  44  4:20  Lair  
  44  4:22  Roach Warren  
  43  4:25  Drone x2  
  43  4:27  Overlord x3  
  45  4:39  Drone  
  45  4:41  Drone x3  
  49  4:46  Zerg Missile Weapons Level 1  
  49  4:56  Zerg Ground Armor Level 1  
  49  5:04  Roach  
  49  5:05  Roach x2  
  55  5:16  Roach  
  55  5:17  Roach x2  
  62  5:21  Drone x3  
  62  5:22  Drone  
  62  5:27  Extractor  
  62  5:28  Glial Reconstitution  
  64  5:52  Roach x8  
  80  6:02  Overseer  
  80  6:12  Nydus Network  
  79  6:21  Drone  
  79  6:24  Roach  
  79  6:25  Roach, Overlord  
  84  6:26  Overlord x6  
  84  6:44  Hatchery  
  83  7:14  Roach x9  
  101  7:33  Nydus Canal  
  101  7:38  Drone x8  
  109  8:05  Drone x2  
  109  8:06  Drone x5  
  110  8:50  Roach x13  
  134  9:10  Hatchery  
  93  9:37  Roach  
  93  9:38  Roach x11  
  101  9:41  Queen x2  
  105  9:51  Zergling x4  
  107  10:03  Roach  
Tags
 
Add a new tag
Caveats
  • Supply blocks, unpowered buildings, or Contaminate may cause inaccurate times.
  • Supply counts are checked every 10 seconds.